 Dungeon Crawl Stone Soup version 0.22-a0-825-ga28c36f (webtiles) character file.

19 Amnesiac the Magician (level 2, 0/19 HPs)
             Began as a Mummy Earth Elementalist on July 24, 2018.
             Slain by an orc wizard
             ... wielding a +0 dagger
              (3 damage)
             ... on level 3 of the Dungeon.
             The game lasted 00:00:50 (837 turns).

Amnesiac the Magician (Mummy Earth Elementalist)     Turns: 837, Time: 00:00:50

Health: 0/19       AC:  2    Str: 11    XL:     2   Next: 55%
Magic:  0/6        EV: 12    Int: 14    God:
Gold:   85         SH:  0    Dex: 12    Spells: 4/7 levels left

rFire    x . .     SeeInvis .   a - +0 hunting sling
rCold    + . .     Gourm    .   (no shield)
rNeg     + + +     Faith    .   c - +0 robe
rPois    ∞         Spirit   .   (no helmet)
rElec    .         Reflect  .   (no cloak)
rCorr    .         Harm     .   (no gloves)
MR       .....                  (no boots)
Stlth    ++........             (no amulet)
HPRegen  0.06/turn              (no ring)
MPRegen  0.10/turn              (no ring)

@: no status effects
A: no food or potions, fire vulnerability, cold resistance 1, negative energy
resistance 3, torment resistance, unbreathing
a: no special abilities


You were on level 3 of the Dungeon.
You were not hungry.

You visited 1 branch of the dungeon, and saw 3 of its levels.

You collected 85 gold pieces.

Inventory:

Hand Weapons
 a - a +0 hunting sling (weapon)
Missiles
 b - 41 stones (quivered)
Armour
 c - a +0 robe (worn)
Jewellery
 d - an uncursed amulet of the acrobat {unknown}
 f - an uncursed ring of ice {unknown}
Scrolls
 e - 2 scrolls of amnesia {!r, unknown}
 g - a scroll of teleportation {!r, unknown}
 h - a scroll of noise {!r, unknown}
 i - 2 scrolls of remove curse {!r, unknown}
 j - a scroll of identify {!r, unknown}


   Skills:
 - Level 1.5 Dodging
 - Level 1.5 Stealth
 + Level 3.1 Spellcasting
 - Level 0.7 Transmutations
 * Level 3.0 Earth Magic


You had 4 spell levels left.
You knew the following spells:

 Your Spells              Type           Power        Failure   Level  Hunger
a - Sandblast             Erth           ##....       6%          1    N/A
b - Passwall              Tmut/Erth      #.......     14%         2    N/A

Your spell library contained the following spells:

 Spells                   Type           Power        Failure   Level  Hunger
 Stone Arrow              Conj/Erth      #.....       34%         3    N/A
 Lee's Rapid Deconstruct  Erth           ##........   86%         5    N/A
 Petrify                  Tmut/Erth      #.......     67%         4    N/A

Dungeon Overview and Level Annotations

Branches:
Dungeon (3/15)

Altars:


Innate Abilities, Weirdness & Mutations

You do not eat or drink.
Your flesh is vulnerable to fire.
You are immune to poison.
Your flesh is cold resistant. (rC+)
You are immune to negative energy. (rN+++)
You are immune to unholy pain and torment.
You can survive without breathing.


Message History

The orc wizard mumbles some strange words.
The orc wizard seems to speed up.
Casting: Sandblast (safe; 6% risk of failure)
Confirm with . or Enter, or press ? or * to list all spells.
Aiming: Sandblast (safe; 6% risk of failure)
Press: ? - help, Shift-Dir - straight line, f/p - orc wizard
Aim: an orc wizard, wielding a dagger and wearing a robe (severely wounded, fast)
The blast of sand misses the orc.
The blast of sand hits the orc wizard.
The orc wizard is severely wounded.
b - 49 stones The orc hits you.
Firing (i - inventory)
b - 49 stones (quivered)
Press: ? - help, Shift-Dir - straight line, f/p - orc wizard
Aim: an orc wizard, wielding a dagger and wearing a robe (severely wounded, fast)
You shoot a stone. The stone barely misses the orc.
The orc closely misses you.
Firing (i - inventory)
b - 48 stones (quivered)
Press: ? - help, Shift-Dir - straight line, f - orc wizard, p - orc
Aim: an orc wizard, wielding a dagger and wearing a robe (severely wounded, fast)
You shoot a stone. The stone barely misses the orc.
The stone barely misses the orc wizard.
The orc barely misses you.
An orc comes into view. It is wielding a hand axe.
The orc wizard gestures wildly while chanting.
The orc wizard flickers and vanishes!
Deactivating autopickup; reactivate with Ctrl-A.
Firing (i - inventory)
b - 47 stones (quivered)
Press: ? - help, Shift-Dir - straight line, f - orc
Aim: an orc, wielding a hand axe
Okay, then.
Firing (i - inventory)
b - 47 stones (quivered)
Press: ? - help, Shift-Dir - straight line, f - orc
Aim: an orc, wearing a leather armour (lightly wounded)
You shoot a stone. The stone hits the orc!
You kill the orc!
Firing (i - inventory)
b - 46 stones (quivered)
Press: ? - help, Shift-Dir - straight line You shoot a stone.
Firing (i - inventory)
b - 45 stones (quivered)
Press: ? - help, Shift-Dir - straight line, f - orc
Aim: an orc, wielding a hand axe You shoot a stone.
Something hits you. x2
* * * LOW HITPOINT WARNING * * *
Casting: Sandblast (safe; 6% risk of failure)
Confirm with . or Enter, or press ? or * to list all spells.
Aiming: Sandblast (safe; 6% risk of failure)
Press: ? - help, Shift-Dir - straight line, f/p - orc
Aim: an orc, wielding a hand axe The blast of sand misses the orc.
b - 43 stones Something hits you but does no damage.
Something hits you.
* * * LOW HITPOINT WARNING * * *
Firing (i - inventory)
b - 43 stones (quivered)
Press: ? - help, Shift-Dir - straight line, f/p - orc
Aim: an orc, wielding a hand axe You shoot a stone.
The stone hits the orc but does no damage.
Something hits you.
* * * LOW HITPOINT WARNING * * *
Firing (i - inventory)
b - 42 stones (quivered)
Press: ? - help, Shift-Dir - straight line, f/p - orc
Aim: an orc, wielding a hand axe You shoot a stone.
The stone hits the orc.
The orc is lightly wounded.
Something hits you.
You die...

#. ## #.# #.. ...
#.. #.# #..##.#
#### ## ## #...#.#
#..# o.
...##.#.#.######@#
o#
#............#{##.#
.#........#o##.#
...#.......##.{#
#..#..#######
...#.##.<#
........##
#........#
#.##.##.#..


You could see an orc.

Vanquished Creatures
  An ooze (D:3)
  A worm (D:3)
  An orc (D:3)
  A ball python (D:2)
  A giant cockroach (D:2)
  A hobgoblin (D:1)
  2 jackals (D:2)
  3 rats (D:1)
11 creatures vanquished.

Notes
Turn   | Place    | Note
-------+----------+-------------------------------------------
     0 | D:1      | Amnesiac the Mummy Earth Elementalist began the quest for the Orb.
     0 | D:1      | Reached XP level 1. HP: 13/13 MP: 4/4
   582 | D:1      | You fall through a shaft!
   715 | D:2      | Reached XP level 2. HP: 15/19 MP: 5/5
   725 | D:2      | Learned a level 2 spell: Passwall
   837 | D:3      | Slain by an orc wizard

Vault maps used:
D:1:      roderic_dead_forest
D:2:      vehumet_crystals
D:3:      marbit_many_paths, first_ration, minmay_cut_off

Skill      XL: |  1  2 |
---------------+-------+-----
Spellcasting   | 3 |  3.1
Earth Magic    | 3 |  3.0
Dodging        | |  1.5
Stealth        | |  1.5
Transmutations | |  0.7

Action                   || total
-------------------------++-------
Melee: Unarmed           ||    16
 Fire: Hunting sling     ||    34
 Cast: Sandblast         ||    10
Armor: Robe              ||     7
Dodge: Dodged            ||    25

Table legend:
 A = Spawn XP
 B = Non-spawn XP
 C = Spawn XP percentage of total XP
 D = Spawn monster count
 E = Non-spawn monster count
 F = Spawn count percentage of total count
 G = Total turns spent on level
                    A         B        C        D         E        F      G
               +---------+---------+-------+---------+---------+-------+---------
         Total |       0 |      28 |   0.0 |       0 |      11 |   0.0 |   837
               +---------+---------+-------+---------+---------+-------+---------
           D:1 |       0 |       5 |   0.0 |       0 |       4 |   0.0 |   582
           D:2 |       0 |       8 |   0.0 |       0 |       4 |   0.0 |   144
           D:3 |       0 |      15 |   0.0 |       0 |       3 |   0.0 |   111
               +---------+---------+-------+---------+---------+-------+---------
